 Dungeon Crawl Stone Soup version 0.27.1-3-gb3d3a73c9e (webtiles) character file.

Game seed: 10409559307966916872

172 Gabide the Slasher (level 5, -12/36 HPs)
             Began as a Demonspawn Chaos Knight on Oct 14, 2021.
             Was a Plaything of Xom.
             Killed by divine providence
             ... invoked by an orc priest
              (14 damage)
             ... on level 3 of the Dungeon.
             The game lasted 00:08:30 (2846 turns).

Gabide the Slasher (Demonspawn Chaos Knight)        Turns: 2846, Time: 00:08:32

Health: -12/36     AC: 13    Str: 14      XL:     5   Next: 27%
Magic:  5/5        EV:  6    Int: 10 (11) God:    Xom [....*.]
Gold:   44         SH:  0    Dex:  9 (12) Spells: 4/4 levels left

rFire    + . .     SeeInvis .   a - +0 falchion (chaos)
rCold    . . .     Faith    .   (no shield)
rNeg     . . .     Spirit   .   i - +1 chain mail {rF+}
rPois    .         Reflect  .   e - +0 helmet
rElec    .         Harm     .   (no cloak)
rCorr    .         Rampage  .   (no gloves)
Will     .....                  (no boots)
Stlth    ..........             j - amulet of the acrobat
HPRegen  0.12/turn              (no ring)
MPRegen  0.09/turn              (no ring)

@: no status effects
A: thin metallic scales 1, deterioration 1, dopey 1, frail 1
a: Renounce Religion


You were on level 3 of the Dungeon.
You worshipped Xom.
You were a beloved toy of Xom.
You visited 1 branch of the dungeon, and saw 3 of its levels.

You collected 44 gold pieces.

Inventory:

Hand Weapons
 a - a +0 falchion of chaos (weapon)
Missiles
 f - 42 arrows
Armour
 b - a +2 leather armour
 e - a +0 helmet (worn)
 i - a +1 chain mail of fire resistance (worn)
Jewellery
 j - an amulet of the acrobat (around neck)
Wands
 g - a wand of flame (35)
Scrolls
 d - a scroll of identify
 k - a scroll of teleportation
Potions
 c - a potion of cancellation
 h - a potion of resistance


   Skills:
 + Level 3.6 Fighting
 * Level 4.4 Long Blades
 * Level 2.8 Armour
 + Level 1.5 Dodging
 - Level 0.1 Stealth


You had 4 spell levels left.
You didn't know any spells.
Your spell library was empty.

Dungeon Overview and Level Annotations

Branches:
Dungeon (3/15)

Altars:


Innate Abilities, Weirdness & Mutations

You are partially covered in thin metallic scales. (AC +2)
Your body sometimes deteriorates upon taking damage.
You are dopey. (Int -2)
You are frail. (-10% HP)


Message History

The orc priest mumbles some strange prayers to Beogh against you.
Beogh smites you!
Your body deteriorates!
You feel clumsy.
You emit a cloud of colourful smoke!
You hit the orc but do no damage. The orc hits you but does no damage. x2
The orc barely misses you.
You hit the orc.
Space warps horribly around the orc!
You kill the orc!
You are now a beloved toy of Xom.
The orc hits you from afar with a +0 trident.
Your body deteriorates!
You feel clumsy. The orc hits you but does no damage.
You hit the orc priest.
The orc priest is lightly wounded.
The orc hits you with a +0 mace.
* * * LOW HITPOINT WARNING * * *
The orc priest hits you but does no damage.
The orc closely misses you. The orc hits you but does no damage.
You hit the orc priest but do no damage.
The orc priest is poisoned.
The orc priest is lightly wounded.
The orc hits you but does no damage. The orc priest closely misses you.
You riposte.
You hit the orc priest.
You feel better.
The orc priest is heavily wounded.
The orc hits you but does no damage. x2
Okay, then.
You hit the orc priest.
The orc priest seems to grow stronger.
The orc priest is almost dead.
The orc priest hits you with a +0 whip!
* * * LOW HITPOINT WARNING * * *
Your body deteriorates!
You feel clumsy.
The orc hits you but does no damage. x2; The orc hits you with a +0 flail.
* * * LOW HITPOINT WARNING * * *
Your chain mail prevents you from hitting the orc priest.
The orc priest is almost dead.
The orc hits you but does no damage.
The orc priest calls down the wrath of Beogh upon you.
Beogh smites you!
You die...
Xom chuckles heartily!

####.##.#....
#.##.#.##. .#
#.##.#.##. .#
#.##.#....
..#####.......##
########..........####
##.........#########
#..8..o8...#
$.....o@§..#
⌠......o...#
$....o.....#
#..8...8..##
##........# ########.#
.# ##


You could see an orc priest (strong, very poisoned) and 3 orcs.

Vanquished Creatures
  Natasha (thrice) (D:2)
  3 adders
  A worm (D:3)
  3 orcs (D:3)
  6 endoplasms
  2 giant cockroaches
  8 goblins
  4 hobgoblins
  7 jackals
  3 kobolds
  4 quokkas
  6 ball pythons
  2 bats
  3 frilled lizards
  6 rats
61 creatures vanquished.

Vanquished Creatures (others)
  22 plants (D:3)
22 creatures vanquished.

Grand Total: 83 creatures vanquished

Notes
Turn   | Place    | Note
-------+----------+-------------------------------------------
     0 | D:1      | Gabide the Demonspawn Chaos Knight began the quest for the
                  | Orb.
     0 | D:1      | Reached XP level 1. HP: 18/18 MP: 1/1
    76 | D:1      | Reached skill level 1 in Dodging
   219 | D:1      | You fall into a shaft and drop 1 floor!
   225 | D:2      | XOM: potion effect (haste)
   227 | D:2      | Reached skill level 3 in Long Blades
   227 | D:2      | Gained mutation: You are partially covered in thin metallic
                  | scales. (AC +2) [demonic ancestry]
   227 | D:2      | Reached XP level 2. HP: 20/24 MP: 2/2
   364 | D:1      | Found a faded altar of an unknown god.
   676 | D:1      | XOM: god gift: 18 arrows
   920 | D:1      | Reached XP level 3. HP: 24/29 MP: 3/3
  1356 | D:2      | Noticed Natasha
  1356 | D:2      | XOM: 1-stop teleportation journey
  1363 | D:2      | Killed Natasha
  1510 | D:2      | XOM: summons 1 hostile shadow creature
  1676 | D:2      | Reached XP level 4. HP: 35/35 MP: 4/4
  1777 | D:2      | Noticed Natasha
  1785 | D:2      | Killed Natasha
  1786 | D:2      | Reached skill level 4 in Long Blades
  2163 | D:2      | Noticed Natasha
  2184 | D:2      | Killed Natasha
  2185 | D:2      | Reached XP level 5. HP: 30/41 MP: 5/5
  2598 | D:3      | XOM: give mutations
  2598 | D:3      | Gained mutation: Your body sometimes deteriorates upon
                  | taking damage. [Xom's mischief]
  2598 | D:3      | Gained mutation: You are dopey. (Int -2) [Xom's mischief]
  2598 | D:3      | Gained mutation: You are frail. (-10% HP) [Xom's mischief]
  2838 | D:3      | XOM: 1-stop teleportation journey
  2840 | D:3      | XOM: smoke on damage
  2845 | D:3      | HP: 1/36 [orc (5)]
  2846 | D:3      | Killed from afar by an orc priest

Illustrated notes

Levels and vault maps discovered:
D:1:      roderic_octagonal_star, layout_basic,
          hellmonk_ecumenical_altar_zigzags,
          hangedman_abyss_or_decor_lesser_grid
D:2:      layout_basic, uniq_natasha
D:3:      cheibrodos_pilgrimage, layout_loops_ring, serial_bayou,
          serial_bayou_pond_e, serial_bayou_lagoon_a, serial_bayou_pond_b,
          serial_bayou_pond_d

Skill      XL: |  1  2  3  4 |
---------------+-------------+-----
Dodging        | 1 |  1.5
Long Blades    | 3 4 |  4.4
Armour         | 2 |  2.8
Fighting       | |  3.6
Stealth        | |  0.1

Action                   |  1- 3 |  4- 6 || total
-------------------------+-------+-------++-------
Melee: Falchion          |    90 |    94 ||   184
  Use: Scroll            |     3 |     2 ||     5
Armor: Leather armour    |    36 |       ||    36
       Chain mail        |     3 |    93 ||    96
Dodge: Dodged            |    43 |    33 ||    76
       Rpst.: Falchion   |     8 |     9 ||    17
